 Dungeon Crawl Stone Soup version 0.16.1-18-g436b03c (webtiles) character file.

311896 theElss the Bludgeoner (level 21, -2/204 HPs)
             Began as a Gargoyle Berserker on May 4, 2015.
             Was the Champion of Trog.
             Slain by a white very ugly thing (45 damage)
             ... on level 2 of the Depths on May 5, 2015.
             The game lasted 04:27:08 (56867 turns).

theElss the Bludgeoner (Gargoyle Berserker)        Turns: 56867, Time: 04:27:08

Health: -2/204     AC: 41    Str: 40    XL:     21   Next: 29%
Magic:  32/32      EV: 24    Int: 11    God:    Trog [******]
Gold:   3810       SH: 18    Dex: 20    Spells: 0 memorised, 20 levels left

rFire  + + +     SeeInvis +     b - +9 flail "Joimulaj" {venom, rF+ Str+4 Int+4}
rCold  . . .     Clarity  .     Z - +6 faerie dragon armour {Dex+2}
rNeg   + + .     SustAb   .     l - +2 shield
rPois  ∞         Gourm    +     F - +2 hat {SInv}
rElec  +         Spirit   .     Y - +1 cloak {MR+}
rCorr  .         Warding  .     v - +0 pair of gloves
rMut   .         Stasis   .     j - +1 pair of boots of Fanaticism {rPois MR+ Str+2}
MR     +++..                    S - amulet of the gourmand
Stlth  ..........               n - +4 ring of dexterity
                                c - ring "Nistysm" {rF++ rN+ Dex+4 Stlth+}

@: berserking, flying, very quick, extremely resistant to hostile enchantments,
extremely unstealthy
A: able to fly continuously, big wings, dopey 1, negative energy resistance 1,
electricity resistance, unbreathing, petrification resistance, rot immunity, AC
+15
a: Stop Flying, Burn Spellbooks, Berserk, Trog's Hand, Brothers in Arms,
Renounce Religion
}: 2/15 runes: decaying, serpentine


You were on level 2 of the Depths.
You worshipped Trog.
Trog was exalted by your worship.
You were not hungry.

You visited 7 branches of the dungeon, and saw 41 of its levels.
You also visited: Labyrinth, Sewer, Ossuary, Bailey and Ice Cave.

You collected 4242 gold pieces.
You spent 432 gold pieces at shops.

Inventory:

Hand weapons
 a - the +1 eveningstar "Brilliance" {holy, rN+ AC+5 Int+5}
   (Trog gifted it to you on level 5 of the Dungeon)

   It has been blessed by the Shining One to cause great damage to the undead
   and demons.
   It affects your AC (+5).
   It affects your intelligence (+5).
   It protects you from negative energy.
 b - the +9 flail "Joimulaj" (weapon) {venom, rF+ Str+4 Int+4}
   (Trog gifted it to you on level 2 of the Depths)

   It poisons the flesh of those it strikes.
   It affects your strength (+4).
   It affects your intelligence (+4).
   It protects you from fire.
 h - a +2 demon whip of electrocution
Armour
 j - the +1 pair of boots of Fanaticism (worn) {rPois MR+ Str+2}
   (You bought it in a shop on level 2 of the Orcish Mines)

   It affects your strength (+2).
   It protects you from poison.
   It affects your resistance to hostile enchantments.
 l - a +2 shield (worn)
 v - a +0 pair of gloves (worn)
 F - a +2 hat of see invisible (worn)
 V - a +2 plate armour of poison resistance
 Y - a +1 cloak of magic resistance (worn)
 Z - the +6 faerie dragon armour (worn) {Dex+2}
   (You took it off the Enchantress on level 2 of the Depths)

   It affects your dexterity (+2).
Jewellery
 c - the ring "Nistysm" (left hand) {rF++ rN+ Dex+4 Stlth+}
   (You found it in an ice cave)

   [ring of stealth]

   It affects your dexterity (+4).
   It greatly protects you from fire.
   It protects you from negative energy.
   It makes you more stealthy.
 k - an uncursed amulet of resist mutation
 n - a +4 ring of dexterity (right hand)
 y - an uncursed ring of protection from cold
 O - an uncursed amulet of clarity
 Q - an uncursed amulet of stasis
 S - an amulet of the gourmand (around neck)
 W - an uncursed ring of protection from magic
Magical devices
 f - a wand of fire (0)
 E - a wand of fireball (4)
 P - a wand of digging (8)
Scrolls
 g - 15 scrolls of remove curse
 r - 6 scrolls of fog
 s - 11 scrolls of magic mapping
 t - 15 scrolls of teleportation
 u - 4 scrolls of identify
 G - 7 scrolls of fear
 N - a scroll of silence
Potions
 d - 6 potions of haste
 e - 7 potions of resistance
 D - 20 potions of curing
 L - 3 potions of restore abilities
 M - 6 potions of heal wounds
 T - 2 potions of cancellation
Miscellaneous
 p - 2 phantom mirrors
 H - a lamp of fire
Comestibles
 w - 20 meat rations
 x - 33 fruits


   Skills:
 + Level 16.1 Fighting
 + Level 19.3 Maces & Flails
 * Level 17.5 Armour
 * Level 13.9 Dodging
 + Level 14.7 Shields
 - Level 10.0 Evocations


You had 20 spell levels left.
You didn't know any spells.

Dungeon Overview and Level Annotations

Branches:
Dungeon (15/15)            Temple (1/1) D:4            Lair (8/8) D:9
  Swamp (5/5) Lair:3        Snake (5/5) Lair:4        Slime (0/6) Lair:6
    Orc (4/4) D:11            Elf (0/3) Orc:3        Vaults (0/5) D:13
 Depths (3/5) D:15

Altars:
Ashenzari
Cheibriados
Dithmenos
Elyvilon
Fedhas
Gozag
Kikubaaqudgha
Makhleb
Nemelex Xobeh
Okawaru
Qazlal
Ru
Sif Muna
Trog
Vehumet
Xom
Yredelemnul
Zin
The Shining One
Beogh

Shops:
D:5 =   D:6 (   Orc:2 [*=!   Orc:4 =*:*   Snake:1 ?

Portals:
Hell: Depths:1 Depths:2
Pandemonium: Depths:1

Annotations:
Depths:3 Frederick


Innate Abilities, Weirdness & Mutations

You are resistant to torment.
You are immune to poison.
You can fly continuously.
Your stone body is very resilient (AC +15).
Your wings are large and strong.
You resist negative energy.
You are resistant to electric shocks.
You can survive without breathing.
You are immune to petrification.
You are immune to rotting.
You are dopey. (Int -2)


Message History

You block the white very ugly thing's attack.
You sock the red ugly thing!
The red ugly thing is heavily wounded.
The white very ugly thing tentacle-slaps you!
The white very ugly thing freezes you!!
* * * LOW HITPOINT WARNING * * *
Use which ability? (? or * to list)
A red film seems to cover your vision as you go berserk!
You feel yourself moving faster!
You feel mighty! The white very ugly thing misses you.
You bludgeon the white very ugly thing!!
The white very ugly thing is poisoned.
The white very ugly thing is moderately wounded.
You block the white very ugly thing's attack.
You closely miss the white very ugly thing.
The white very ugly thing is moderately wounded.
The white very ugly thing tentacle-slaps you!
* * * LOW HITPOINT WARNING * * *
The white very ugly thing freezes you!!!
You die...

####.♣ ♣♣♣♣♣♣♣♣♣
#..'.♣ ♣♣♣...♣♣..♣♣
#..#♣♣ ♣..♣♣♣...♣.♣
#### ♣.♣♣ ♣♣♣...♣ ♣♣.♣
♣♣♣♣. ♣♣♣.♣♣ ♣♣
###..♣♣ ##u...♣♣♣
#@uu....♣♣♣♣
######.....♣♣ ### ###
###....♣♣♣ ♣ ##.#
#.########...♣♣♣♣
#..####...#####.......
#..##.)##......#####♣♣
###...###....### #####
######


You could see 2 very ugly things and a red ugly thing.

Vanquished Creatures
  Norris (Snake:3)
  Saint Roka (Swamp:4)
  the Enchantress (Depths:2)
  Nikola (Swamp:2)
  Vashnia (Snake:3)
  Asterion (Depths:2)
  An Ice Fiend (IceCv)
  2 sphinxes (Depths:2)
  2 octopode crushers (Depths:3)
  A thorn hunter (Swamp:3)
  Kirke (D:15)
  3 fire giants
  A spectral weapon (Depths:3)
  6 greater nagas (Snake:5)
  Wiglaf (Snake:3)
  A frost giant (shapeshifter) (Depths:2)
  Aizul (Swamp:2)
  Louise (Snake:2)
  A frost giant (Depths:1)
  Gastronok (D:12)
  2 emperor scorpions
  Jorgrun (Swamp:4)
  4 spriggan defenders (Depths:2)
  6 very ugly things
  5 stone giants
  2 dire elephants
  A vampire knight (Depths:1)
  4 ettins
  A minotaur (Lab)
  4 fire dragons
  A vault guard (D:13)
  The ghost of emiel the Destroyer, a powerful HuWz of Vehumet (Lair:6)
  24 hydras
  3 great orbs of eyes
  An ice dragon (Depths:1)
  A yaktaur captain (Depths:3)
  Harold (D:12)
  7 ogre magi
  15 naga warriors
  3 anacondas
  4 spriggan air magi (Depths:2)
  2 catoblepae
  3 ghost crabs
  Erica (D:12)
  5 alligators
  5 centaur warriors
  A deep troll earth mage (Depths:1)
  A deep troll shaman (Lair:8)
  5 rakshasas
  49 death yaks
  13 shock serpents
  4 tengu warriors
  6 spriggan berserkers (Depths:2)
  14 naga sharpshooters
  A hell hog (Depths:1)
  The ghost of Rayvis the Jinx, a powerful FeEn of Ru (D:10)
  3 unseen horrors
  2 deep elf knights (Depths:2)
  A giant orange brain (Depths:2)
  5 deep trolls
  2 salamander mystics
  6 swamp dragons
  5 ice devils
  8 spriggan druids
  6 hell knights (Depths:2)
  A flayed ghost (Depths:1)
  A lindwurm (Swamp:5)
  An ice statue (IceCv)
  8 naga ritualists
  7 hill giants
  Pikel (D:3)
  3 wizards
  3 shambling mangroves
  2 orc knights (Orc:3)
  2 hornets
  9 mana vipers
  3 griffons
  A deep elf conjurer (D:15)
  An octopode (shapeshifter) (D:14)
  17 ugly things
  A manticore (D:15)
  9 cyclopes
  An orc sorcerer (Orc:1)
  12 elephants
  9 salamanders
  Maurice (D:12)
  Joseph (Orc:1)
  A guardian serpent (Snake:5)
  56 black mambas
  21 spiny frogs
  3 torpor snails
  A gargoyle (D:11)
  10 komodo dragons
  21 naga magi
  5 fire drakes
  A spectral spriggan (Swamp:4)
  A yaktaur (shapeshifter) (Depths:1)
  4 kobold demonologists
  2 yaktaurs
  2 anaconda simulacra (IceCv)
  A redback zombie (D:15)
  A troll (shapeshifter) (Depths:1)
  2 golden dragon simulacra (IceCv)
  2 freezing wraiths (IceCv)
  3 polar bears
  2 tengu conjurers (Depths:2)
  A queen bee (shapeshifter) (D:14)
  11 trolls
  A blink frog (shapeshifter) (Depths:3)
  Grinder (D:3)
  8 giant leeches
  A wolf spider simulacrum (IceCv)
  16 two-headed ogres
  A boulder beetle (Lair:8)
  5 bog bodies
  A harpy skeleton (D:15)
  13 slime creatures
  3 baby alligators (Swamp:4)
  13 ravens
  3 shadows
  8 blink frogs (Lair:6)
  5 basilisks
  43 spriggans
  A tarantella (shapeshifter) (Depths:2)
  4 trapdoor spiders
  A human (D:11)
  2 death yak simulacra (IceCv)
  2 wraiths (D:14)
  4 fire bats (Swamp:5)
  A wyvern (D:9)
  3 steam dragons
  Eustachio (D:4)
  3 deep elf magi
  60 yaks
  2 hippogriffs
  Grum (D:9)
  A fire elemental (Swamp:5)
  5 mottled dragons
  29 wolves
  4 hungry ghosts
  14 vampire mosquitoes
  5 harpy simulacra (IceCv)
  Edmund (D:6)
  9 insubstantial wisps (Swamp:2)
  52 nagas
  9 porcupines
  31 swamp worms
  4 wargs
  An iron troll simulacrum (IceCv)
  3 soldier ants
  47 water moccasins
  3 hydra simulacra (IceCv)
  2 phantoms
  12 hell hounds
  A swamp drake (shapeshifter) (Depths:2)
  3 black bears
  A boring beetle (Lair:8)
  An alligator simulacrum (IceCv)
  13 ice beasts
  17 wasps
  2 ettin simulacra (IceCv)
  7 sky beasts
  11 swamp drakes
  A necrophage (D:8)
  A tengu (shapeshifter) (Depths:1)
  30 orc warriors
  8 boggarts (Depths:2)
  14 crocodiles
  27 ogres
  20 centaurs
  Sigmund (D:3)
  8 big kobolds
  Duvessa (D:4)
  30 giant frogs
  2 brain worms
  A wyvern zombie (D:14)
  Blork the orc (D:6)
  A gnoll sergeant (D:9)
  5 scorpions
  A spectral mottled dragon (Swamp:4)
  A spectral sky beast (Swamp:4)
  18 killer bees
  2 electric eels
  A spectral crocodile (Swamp:4)
  18 wights
  4 draconian simulacra (IceCv)
  Dowan (D:4)
  5 crimson imps
  2 goliath beetles
  14 hounds
  A human zombie (Ossuary)
  A lava snake (Swamp:5)
  A giant frog zombie (D:9)
  3 centaur skeletons
  3 centaur zombies
  Crazy Yiuf (D:2)
  24 orc priests
  12 jellies
  4 troll simulacra (IceCv)
  A giant frog skeleton (D:5)
  A spectral swamp drake (Swamp:4)
  11 iguanas
  Natasha (D:6)
  33 orc wizards
  8 sheep
  14 worker ants
  A wolf simulacrum (IceCv)
  2 centaur simulacra (IceCv)
  Ijyb (D:4)
  3 mummies
  Terence (D:2)
  Robin (D:2)
  25 adders
  2 ogre simulacra (IceCv)
  24 river rats
  2 naga simulacra (IceCv)
  5 shadow imps
  13 gnolls
  2 giant mites
  9 white imps (IceCv)
  6 ufetubi (IceCv)
  2 worms
  5 giant geckos
  14 oozes (Lair:2)
  217 orcs
  10 ball pythons
  8 bat skeletons
  2 giant cockroaches
  25 hobgoblins
  59 kobolds
  10 quokkas
  11 bats
  A giant gecko skeleton (D:6)
  5 giant newts
  31 goblins
  11 hobgoblin zombies (Ossuary)
  A jackal skeleton (D:4)
  2 jackal zombies (Ossuary)
  11 kobold zombies (Ossuary)
  5 orc zombies (Ossuary)
  33 rats
  4 rat zombies (Ossuary)
  10 ballistomycetes
1920 creatures vanquished.

Vanquished Creatures (collateral kills)
  Jory (Depths:3)
  A frost giant (Depths:3)
2 creatures vanquished.

Vanquished Creatures (others)
  A very ugly thing (Depths:2)
  3 hydras
  An ice dragon (Depths:2)
  2 lindwurms (Swamp:5)
  2 necromancers (Depths:2)
  A raven (Swamp:4)
  A wolf (Lair:8)
  A steam dragon (Swamp:5)
  A swamp worm (Swamp:4)
  2 water moccasins
  2 ice beasts (Swamp:3)
  2 boggarts (Depths:2)
  A white imp (IceCv)
  A hobgoblin (D:4)
  A ball python (D:4)
  3 giant spores
  3 fungi
  7 plants
35 creatures vanquished.

Grand Total: 1957 creatures vanquished

Notes
Turn   | Place    | Note
--------------------------------------------------------------
     0 | D:1      | theElss, the Gargoyle Berserker, began the quest for the Orb.
     0 | D:1      | Reached XP level 1. HP: 14/14 MP: 1/1
   169 | D:1      | Reached XP level 2. HP: 19/19 MP: 2/2
   798 | D:1      | Acquired Trog's second power
   821 | D:1      | Reached XP level 3. HP: 19/23 MP: 3/3
  1286 | D:2      | Noticed Robin
  1323 | D:2      | Killed Robin
  1499 | D:2      | Noticed Terence
  1505 | D:2      | Killed Terence
  1505 | D:2      | Reached XP level 4. HP: 29/29 MP: 4/4
  1918 | D:2      | Noticed Crazy Yiuf
  1928 | D:2      | Killed Crazy Yiuf
  1928 | D:2      | Reached skill level 4 in Maces & Flails
  2209 | D:3      | Found a shattered altar of Ashenzari.
  2344 | D:3      | Reached XP level 5. HP: 23/33 MP: 5/5
  2431 | D:3      | Noticed Grinder
  2441 | D:3      | Killed Grinder
  2441 | D:3      | Reached XP level 6. HP: 39/39 MP: 6/6
  2534 | D:3      | Found an opulent altar of Gozag.
  2738 | D:3      | Reached skill level 5 in Maces & Flails
  2787 | D:3      | Noticed Sigmund
  2796 | D:3      | Killed Sigmund
  2796 | D:3      | Reached XP level 7. HP: 44/44 MP: 7/7
  3043 | D:4      | Noticed Pikel
  3063 | D:3      | Killed Pikel
  3063 | D:3      | Reached skill level 5 in Fighting
  3063 | D:3      | Reached skill level 6 in Maces & Flails
  3063 | D:3      | Reached XP level 8. HP: 50/50 MP: 8/8
  3141 | D:4      | Found a staircase to the Ecumenical Temple.
  3369 | D:4      | Reached skill level 5 in Armour
  3472 | D:4      | Found a glowing drain.
  3499 | Sewer    | Entered a sewer
  3663 | Sewer    | Acquired Trog's third power
  4252 | D:4      | Noticed Ijyb
  4261 | D:4      | Killed Ijyb
  4275 | D:4      | Noticed Eustachio
  4298 | D:4      | Killed Eustachio
  4298 | D:4      | Reached skill level 7 in Maces & Flails
  4473 | D:4      | Noticed Duvessa
  4473 | D:4      | Noticed Dowan
  4492 | D:4      | Killed Duvessa
  4505 | D:4      | Killed Dowan
  4662 | D:4      | Reached XP level 9. HP: 53/55 MP: 9/9
  4957 | Temple   | Entered the Ecumenical Temple
  5109 | D:5      | Entered Level 5 of the Dungeon
  5479 | D:5      | Reached skill level 8 in Maces & Flails
  5669 | D:5      | Reached skill level 5 in Dodging
  6094 | D:5      | Received a gift from Trog
  6131 | D:5      | Found Qacveid's Jewellery Shoppe.
  6214 | D:6      | Found Ploar's Antique Weapon Emporium.
  6261 | D:6      | Found a glowing silver altar of Zin.
  6302 | D:6      | Found a stormy altar of Qazlal.
  6408 | D:6      | Noticed Natasha
  6414 | D:6      | Killed Natasha
  6473 | D:6      | Noticed Blork the orc
  6479 | D:6      | Killed Blork the orc
  6690 | D:6      | Found an iron altar of Okawaru.
  6817 | D:6      | Reached skill level 9 in Maces & Flails
  6897 | D:6      | Noticed Edmund
  6905 | D:6      | Killed Edmund
  6905 | D:6      | Reached XP level 10. HP: 57/63 MP: 10/10
  7697 | D:7      | Found a sand-covered staircase.
  7705 | Ossuary  | Entered an ossuary
  7973 | Ossuary  | Identified a scroll of acquirement
  8113 | D:7      | Received a gift from Trog
  8116 | D:7      | Got a steaming dire flail {god gift}
  8125 | D:7      | Identified the +8 dire flail of Cuockutze {antimagic, -Cast +Fly rC+ MR+ Stlth+} (Trog gifted it to you on level 7 of the Dungeon)
  8166 | D:7      | Reached skill level 1 in Shields
  8911 | D:8      | Noticed a hill giant
  8920 | D:8      | Killed a hill giant
  8920 | D:8      | Reached skill level 10 in Maces & Flails
  9342 | D:9      | Found a glowing silver altar of Zin.
  9342 | D:9      | Found a snail-covered altar of Cheibriados.
  9487 | D:9      | Reached XP level 11. HP: 68/68 MP: 11/11
  9600 | D:9      | Noticed Grum
  9618 | D:9      | Killed Grum
  9845 | D:9      | Received a gift from Trog
  9856 | D:9      | Found a staircase to the Lair.
  9897 | D:9      | Reached skill level 11 in Maces & Flails
 10157 | D:9      | Found a sparkling altar of Nemelex Xobeh.
 10210 | D:10     | Entered Level 10 of the Dungeon
 10262 | D:10     | Found a staircase to the Orcish Mines.
 10412 | D:10     | Noticed an unseen horror
 10433 | D:10     | Killed an unseen horror
 10569 | D:10     | Noticed Rayvis' ghost (powerful FeEn)
 10599 | D:11     | Received a gift from Trog
 10599 | D:11     | Reached skill level 5 in Shields
 10774 | D:11     | Found a staircase to the Orcish Mines.
 10991 | D:11     | Noticed an unseen horror
 10993 | D:11     | Killed an unseen horror
 10993 | D:11     | Reached XP level 12. HP: 76/76 MP: 12/12
 11008 | D:11     | Noticed a hill giant
 11015 | D:11     | Killed a hill giant
 11293 | D:11     | Noticed an eight-headed hydra
 11301 | D:11     | Killed an eight-headed hydra
 11301 | D:11     | Reached skill level 10 in Armour
 11463 | D:11     | Reached skill level 12 in Maces & Flails
 11612 | D:11     | Received a gift from Trog
 13295 | D:10     | Killed Rayvis' ghost
 13384 | D:12     | Noticed Gastronok
 13388 | D:12     | Noticed Harold
 13583 | Lair:1   | Entered Level 1 of the Lair of Beasts
 13625 | Lair:1   | Reached skill level 10 in Fighting
 13662 | Lair:1   | Found a labyrinth entrance.
 13736 | Lab      | Entered a labyrinth
 13972 | Lab      | Noticed a minotaur
 13980 | Lab      | Killed a minotaur
 14298 | Lair:1   | Noticed a seven-headed hydra
 14306 | Lair:1   | Killed a seven-headed hydra
 14411 | Lair:1   | Reached XP level 13. HP: 78/82 MP: 13/13
 14837 | Lair:2   | Received a gift from Trog
 15661 | Lair:3   | Reached skill level 13 in Maces & Flails
 15995 | Lair:3   | Found a staircase to the Swamp.
 16832 | Lair:4   | Found a staircase to the Snake Pit.
 16874 | Lair:4   | Received a gift from Trog
 19231 | Lair:6   | Received a gift from Trog
 19264 | Lair:6   | Noticed emiel's ghost (powerful HuWz)
 19286 | Lair:5   | Reached skill level 14 in Maces & Flails
 19286 | Lair:5   | Gained mutation: Your wings are large and strong. [gargoyle growth]
 19286 | Lair:5   | Reached XP level 14. HP: 62/90 MP: 14/14
 19722 | Lair:6   | Killed emiel's ghost
 20255 | Lair:6   | Found a staircase to the Slime Pits.
 20465 | Lair:7   | Received a gift from Trog
 20685 | Lair:8   | Entered Level 8 of the Lair of Beasts
 21996 | Lair:8   | Reached skill level 15 in Maces & Flails
 22001 | Lair:8   | Received a gift from Trog
 22100 | Lair:8   | Reached XP level 15. HP: 89/96 MP: 15/15
 23215 | Lair:8   | Reached skill level 10 in Shields
 23240 | Lair:8   | Reached skill level 10 in Dodging
 23616 | Lair:8   | Got a pitted ring mail
 23622 | Lair:8   | Got a warped cloak
 23633 | Lair:8   | Identified the +0 cloak of Classification {-Tele +Inv rPois rC+ Int+5} (You acquired it on level 8 of the Lair of Beasts)
 23643 | Lair:8   | Identified the cursed +0 ring mail of the Orb {Str+3 SInv} (You found it on level 8 of the Lair of Beasts)
 24023 | Orc:1    | Entered Level 1 of the Orcish Mines
 24189 | Orc:1    | Received a gift from Trog
 24700 | Orc:2    | Found Fraehios' Distillery.
 24712 | Orc:2    | Bought a potion of cancellation for 88 gold pieces
 24896 | Orc:2    | Found a roughly hewn altar of Beogh.
 24967 | Orc:2    | Found Olinutegg's Jewellery Boutique.
 24970 | Orc:2    | Found Psaoriu's Assorted Antiques.
 25055 | Orc:2    | Found Delatzer's Antique Armour Emporium.
 25069 | Orc:2    | Bought a pair of smoking boots for 218 gold pieces
 25074 | Orc:2    | Identified the +1 pair of boots of Fanaticism {rPois MR+ Str+2} (You bought it in a shop on level 2 of the Orcish Mines)
 25151 | Orc:1    | Noticed Joseph
 25167 | Orc:1    | Killed Joseph
 25322 | Orc:1    | Received a gift from Trog
 25441 | Orc:3    | Found a runed door.
 25511 | Orc:3    | Found a staircase to the Elven Halls.
 26205 | Orc:3    | Found a roughly hewn altar of Beogh.
 26299 | Orc:4    | Entered Level 4 of the Orcish Mines
 26728 | Orc:3    | Received a gift from Trog
 27299 | Orc:4    | Found Aczahaiq's Assorted Antiques.
 27300 | Orc:4    | Found Ytoafah's Assorted Antiques.
 27304 | Orc:4    | Found Arasuij's Jewellery Shoppe.
 27321 | Orc:4    | Found Taxomo's Book Shop.
 27856 | D:12     | Noticed Erica
 27872 | D:12     | Killed Gastronok
 27880 | D:12     | Killed Erica
 28207 | D:12     | Noticed Maurice
 28218 | D:12     | Killed Maurice
 28294 | D:12     | Received a gift from Trog
 28479 | D:12     | Reached skill level 16 in Maces & Flails
 28787 | D:13     | Noticed a fire giant
 28801 | D:13     | Killed a fire giant
 28825 | D:13     | Reached XP level 16. HP: 104/104 MP: 5/16
 28851 | D:13     | Found a gate to the Vaults.
 29048 | D:13     | Found a flagged portal.
 29057 | Bailey   | Entered a bailey
 30465 | D:14     | Received a gift from Trog
 30792 | D:14     | Found a roughly hewn altar of Beogh.
 31390 | D:14     | Found a snail-covered altar of Cheibriados.
 31527 | D:15     | Entered Level 15 of the Dungeon
 31587 | D:15     | Noticed Kirke
 31699 | D:15     | Killed Kirke
 31783 | D:15     | Found a basalt altar of Yredelemnul.
 32050 | D:15     | Found a staircase to the Depths.
 32187 | D:15     | Received a gift from Trog
 33511 | Swamp:1  | Entered Level 1 of the Swamp
 34566 | Swamp:1  | Received a gift from Trog
 35049 | Swamp:2  | Noticed Aizul
 35086 | Swamp:2  | Killed Aizul
 35291 | Swamp:2  | Noticed Nikola
 35308 | Swamp:2  | Reached skill level 17 in Maces & Flails
 35329 | Swamp:2  | Killed Nikola
 35384 | Swamp:2  | Reached XP level 17. HP: 105/110 MP: 5/17
 35774 | Swamp:3  | Found a frozen archway.
 36007 | IceCv    | Entered an ice cave
 36864 | IceCv    | Noticed an Ice Fiend
 36890 | IceCv    | Killed an Ice Fiend
 37184 | IceCv    | Got a scorched wooden ring
 37188 | IceCv    | Got a slimy hat
 37197 | IceCv    | Identified the ring "Nistysm" {rF++ rN+ Dex+4 Stlth+} (You found it in an ice cave)
 37208 | IceCv    | Identified the cursed -1 hat of Psopti Lass {rF+} (You found it in an ice cave)
 37833 | Swamp:3  | Received a gift from Trog
 37837 | Swamp:3  | Got a jewelled dire flail {god gift}
 37843 | Swamp:3  | Identified the +3 dire flail of Xiym {freeze, *Rage rC+ MR+ Stlth+} (Trog gifted it to you on level 3 of the Swamp)
 38712 | Swamp:4  | Noticed Saint Roka
 38772 | Swamp:4  | Killed Saint Roka
 39070 | Swamp:4  | Noticed Jorgrun
 39107 | Swamp:4  | Killed Jorgrun
 39887 | Swamp:5  | Entered Level 5 of the Swamp
 40116 | Swamp:5  | Received a gift from Trog
 40255 | Swamp:5  | Reached skill level 18 in Maces & Flails
 40655 | Swamp:5  | Identified the Papyrus of Flight (You found it on level 5 of the Swamp)
 40664 | Swamp:5  | Got a decaying rune of Zot
 40761 | Swamp:5  | Reached XP level 18. HP: 88/117 MP: 6/18
 41427 | Snake:1  | Entered Level 1 of the Snake Pit
 41667 | Snake:1  | Found Prof's Magic Scroll Emporium.
 41685 | Snake:1  | Bought a scroll of identify for 22 gold pieces
 41685 | Snake:1  | Bought a scroll of silence for 82 gold pieces
 41685 | Snake:1  | Bought a scroll of identify for 22 gold pieces
 41830 | Snake:1  | Found a shadowy altar of Dithmenos.
 43589 | Snake:2  | Noticed Louise
 43615 | Snake:2  | Killed Louise
 43762 | Snake:2  | Received a gift from Trog
 44086 | Snake:3  | Noticed Vashnia
 44103 | Snake:2  | Reached skill level 15 in Armour
 44162 | Snake:3  | Killed Vashnia
 44449 | Snake:3  | Noticed Norris
 44468 | Snake:3  | Killed Norris
 44614 | Snake:3  | Noticed Wiglaf
 44651 | Snake:3  | Killed Wiglaf
 44651 | Snake:3  | Reached skill level 15 in Fighting
 45362 | Snake:4  | Reached skill level 1 in Evocations
 45629 | Snake:4  | Received a gift from Trog
 46216 | Snake:5  | Entered Level 5 of the Snake Pit
 46320 | Snake:5  | Reached skill level 5 in Evocations
 46994 | Snake:5  | Reached XP level 19. HP: 80/124 MP: 9/29
 47216 | Snake:5  | Got a transparent great mace
 47243 | Snake:5  | Identified the +5 great mace of Duty {vamp, +Blink Dex+2 Stlth-} (You took it off a salamander on level 5 of the Snake Pit)
 47254 | Snake:5  | Received a gift from Trog
 48169 | Snake:5  | Reached skill level 10 in Evocations
 48217 | Snake:4  | Gained mutation: You are dopey. (Int -2) [mutagenic glow]
 48475 | Snake:5  | Received a gift from Trog
 48639 | Snake:5  | Got a serpentine rune of Zot
 49238 | Depths:1 | Entered Level 1 of the Depths
 49571 | Depths:1 | Received a gift from Trog
 49837 | Depths:1 | Found a one-way gate leading to the halls of Pandemonium.
 49979 | Depths:1 | Reached XP level 20. HP: 76/129 MP: 32/32
 50351 | Depths:1 | Reached skill level 19 in Maces & Flails
 50434 | Depths:1 | Received a gift from Trog
 50635 | Depths:1 | Found a gateway to Hell.
 51737 | Depths:2 | Found a bloodstained altar of Trog.
 51807 | Depths:2 | Received a gift from Trog
 51847 | Depths:2 | Got a brightly glowing flail {god gift}
 51848 | Depths:2 | Identified the +9 flail "Joimulaj" {venom, rF+ Str+4 Int+4} (Trog gifted it to you on level 2 of the Depths)
 52468 | Depths:2 | Received a gift from Trog
 53003 | Depths:2 | Received a gift from Trog
 53597 | Depths:2 | Noticed the Enchantress
 53622 | Depths:2 | Killed the Enchantress
 53685 | Depths:2 | Got a faerie dragon armour
 53713 | Depths:2 | Identified the +6 faerie dragon armour {Dex+2} (You took it off the Enchantress on level 2 of the Depths)
 54019 | Depths:2 | Reached XP level 21. HP: 134/136 MP: 32/32
 54344 | D:12     | Killed Harold
 55864 | Depths:3 | Noticed Asterion
 55879 | Depths:3 | Noticed Jory
 55926 | Depths:3 | Killed Jory
 55940 | Depths:2 | Killed Asterion
 56483 | Depths:3 | Noticed Frederick
 56680 | Depths:3 | Received a gift from Trog
 56867 | Depths:2 | Slain by a white very ugly thing

Action                   |  1- 3 |  4- 6 |  7- 9 | 10-12 | 13-15 | 16-18 | 19-21 || total
-------------------------+-------+-------+-------+-------+-------+-------+-------++-------
Melee: Mace              |    87 |    36 |       |       |       |       |       ||   123
       Hammer            |       |    72 |   337 |       |       |       |       ||   409
       Whip              |       |       |   189 |       |       |       |       ||   189
       Eveningstar       |       |       |    82 |   862 |  1767 |   252 |   661 ||  3624
       Dire flail        |       |       |       |    40 |       |       |       ||    40
       Demon whip        |       |       |       |       |   133 |  3063 |    47 ||  3243
       Morningstar       |       |       |       |       |     4 |       |       ||     4
       Unarmed           |       |       |       |       |       |     1 |       ||     1
       Great mace        |       |       |       |       |       |       |   361 ||   361
       Flail             |       |       |       |       |       |       |   714 ||   714
Invok: Berserk           |     3 |     3 |     1 |     6 |     8 |    12 |     8 ||    41
       Brothers in Arms  |       |       |       |       |     2 |       |     1 ||     3
       Trog's Hand       |       |       |       |       |       |       |     1 ||     1
 Abil: Fly               |       |       |       |       |     1 |     2 |       ||     3
  Use: Scroll            |       |       |     7 |     8 |    14 |     8 |     3 ||    40
       Potion            |       |       |       |       |     3 |       |     2 ||     5
 Stab: Confused          |       |       |       |       |       |       |     2 ||     2
       Distracted        |       |       |       |       |       |       |     2 ||     2
       Held in net/web   |       |       |       |       |       |       |     1 ||     1
       Sleeping          |       |       |       |       |       |       |     1 ||     1
  Eat: Chunk             |     1 |     5 |    16 |    31 |    52 |    67 |    54 ||   226
       Meat ration       |     1 |       |       |       |       |     1 |       ||     2
       Fruit             |       |       |       |       |     2 |     4 |       ||     6
       Beef jerky        |       |       |       |       |     1 |       |       ||     1
